 Dungeon Crawl Stone Soup version 0.30-b1-2-g02819fbbbe (webtiles) character file.

Game seed: 9799389101950584737

431 marcio the Chopper (level 6, -13/57 HPs)
             Began as a Minotaur Berserker on Dec 10, 2023.
             Was a Believer of Trog.
             Killed from afar by Dowan (17 damage)
             ... with a shard of ice
             ... on level 4 of the Dungeon.
             The game lasted 00:11:10 (2846 turns).

marcio the Chopper (Minotaur Berserker)             Turns: 2846, Time: 00:11:11

Health: -13/57     AC:  2    Str: 23    XL:     6   Next: 67%
Magic:  5/5        EV: 12    Int:  4    God:    Trog [**....]
Gold:   146        SH:  0    Dex: 10    Spells: 5/5 levels left

rFire   . . .        a - +0 hand axe
rCold   . . .        (no shield)
rNeg    . . .        b - +0 animal skin
rPois   .            (helmet restricted)
rElec   .            (no cloak)
rCorr   .            (no gloves)
SInv    .            (no boots)
Will    ++...        (no amulet)
Stlth   +            (no ring)
HPRegen 1.29/turn    (no ring)
MPRegen 0.09/turn

%: no passive effects
@: strong-willed, regenerating
A: horns 2, retaliatory headbutt
a: Renounce Religion, Berserk, Trog's Hand


You were on level 4 of the Dungeon.
You worshipped Trog.
Trog was pleased with you.
You visited 1 branch of the dungeon, and saw 4 of its levels.

You collected 146 gold pieces.

Inventory:

Hand Weapons
 a - a +0 hand axe (weapon)
 e - a +2 antimagic dagger
 t - a +0 spear
 v - a +2 rapier of freezing
 w - a +0 halberd
Armour
 b - a +0 animal skin (worn)
 q - a +0 plate armour
Jewellery
 g - a ring of positive energy
Scrolls
 c - 4 scrolls of identify {unknown}
 h - 2 scrolls of fog {unknown}
 i - a scroll of blinking {unknown}
 j - 2 scrolls of magic mapping {unknown}
 k - a scroll of silence {unknown}
 p - a scroll of poison {unknown}
 r - a scroll of torment {unknown}
Potions
 d - a potion of brilliance {unknown}
 f - a potion of magic {unknown}
 l - a potion of degeneration {unknown}
 m - 3 potions of berserk rage {unknown}
 n - 3 potions of curing {unknown}
 o - a potion of heal wounds {unknown}
 s - a potion of haste {unknown}
 u - 2 potions of mutation {unknown}
 x - a potion of might {unknown}


   Skills:
 + Level 5.8 Fighting
 + Level 7.3 Axes
 - Level 2.6 Armour
 - Level 3.0 Dodging
 - Level 0.5 Stealth


You had 5 spell levels left.
You didn't know any spells.
Your spell library was empty.

Dungeon Overview and Level Annotations

Branches:
Dungeon (4/15)             Temple (0/1) D:4

Altars:
Dithmenos

Shops:
D:3 [

Annotations:
D:4 1 runed translucent door, Dowan; diceflayer's ghost, weakling DsGl


Innate Abilities, Weirdness & Mutations

You have a pair of horns on your head.
You reflexively headbutt those who attack you in melee.


Message History

The stone arrow hits you! Dowan hits you with a +0 dagger.
You barely miss Dowan.
Dowan is severely wounded.
Dowan hits you with a +0 dagger.
You miss Dowan.
Dowan is severely wounded.
Dowan points at you and mumbles some strange words.
The stone arrow hits you!!
* * * LOW HITPOINT WARNING * * *
Dowan mumbles some strange words.
Dowan blinks!
There is a stone staircase leading down here.
The worm bites you.
* * * LOW HITPOINT WARNING * * *
You slash the worm! You headbutt the worm.
The worm is severely wounded.
You hit the worm.
The worm is severely wounded.
Dowan shakes with grief.
Dowan gestures wildly while chanting.
Dowan blinks!
The worm bites you!
* * * LOW HITPOINT WARNING * * *
Dowan gestures wildly while chanting.
Dowan blinks!
Your skin crawls.
You feel strong-willed. Dowan gestures at you while chanting.
The shard of ice hits you.
* * * LOW HITPOINT WARNING * * *
A worm is nearby!
A kobold comes into view. It is wielding a +0 short sword.
The kobold shouts!
Dowan casts a spell at you. The stone arrow hits you!
* * * LOW HITPOINT WARNING * * *
You hit the worm. Your headbutt misses the worm.
The worm is moderately wounded.
Dowan gestures at you while chanting. The shard of ice hits you!
You die...

##...## ## ##.....# #.#
####......# #######..#
##.##.....#####.........
##..##....##.##.........#
####......e...#......#.....#
##.####....##e........#......
##...#....#..................# ##
#....#...##.w@#...(>........##
..##....#.#......###....##...#.##
.......#..##......#.†........#.#.
...........#......#..##.##...#..#
#!...>.......###......####.....##
##.....#.....# ##.#..## #....###
#...e###.K#e# #.#... ##(......
##.... #..#.# ...... #.......#
............. #. .... #.......#


You could see Dowan (fast), a worm and a kobold.

Vanquished Creatures
  Duvessa (D:4)
  An ogre (D:4)
  A scorpion (D:4)
  8 gnolls
  5 adders
  A worm (D:3)
  3 dart slugs
  5 endoplasms
  2 giant cockroaches (D:1)
  2 goblins (D:1)
  9 hobgoblins
  3 kobolds
  4 quokkas
  7 ball pythons
  A bat (D:2)
  2 frilled lizards
  7 rats
62 creatures vanquished.

Notes
Turn   | Place    | Note
-------+----------+-------------------------------------------
     0 | D:1      | marcio the Minotaur Berserker began the quest for the Orb.
     0 | D:1      | Reached XP level 1. HP: 19/19 MP: 0/0
    59 | D:1      | Found a faded altar of an unknown god.
    80 | D:1      | Reached XP level 2. HP: 27/27 MP: 1/1
   122 | D:1      | Reached skill level 4 in Axes
   304 | D:1      | Reached ** piety under Trog
   569 | D:1      | Reached XP level 3. HP: 32/33 MP: 2/2
  1077 | D:2      | Reached XP level 4. HP: 27/41 MP: 3/3
  1388 | D:3      | Found a shadowy altar of Dithmenos.
  1608 | D:3      | Found Limpes's Armour Shop.
  1878 | D:4      | Noticed an ogre
  1878 | D:4      | Found a staircase to the Ecumenical Temple.
  1891 | D:3      | Reached skill level 5 in Axes
  2279 | D:4      | Killed an ogre
  2280 | D:4      | Reached skill level 5 in Fighting
  2280 | D:4      | Reached skill level 6 in Axes
  2280 | D:4      | Reached XP level 5. HP: 48/48 MP: 4/4
  2353 | D:4      | Noticed Duvessa
  2367 | D:4      | Killed Duvessa
  2368 | D:4      | Reached XP level 6. HP: 51/56 MP: 5/5
  2373 | D:4      | Noticed Dowan
  2455 | D:4      | Found a runed translucent door.
  2455 | D:4      | Noticed diceflayer's ghost (weakling DsGl)
  2521 | D:4      | Reached skill level 7 in Axes
  2827 | D:4      | HP: 1/57 [worm (10)]
  2846 | D:4      | Killed from afar by Dowan

Illustrated notes

Levels and vault maps discovered:
D:1:      minmay_arrival_solitary_statue, layout_loops_ring,
          dreamdust_ecumenical_altar_angels_and_demons
D:2:      layout_basic
D:3:      layout_rooms, lemuel_tele_altar, serial_shops, nicolae_shop_crystal
D:4:      minmay_diamond_boxcup, layout_cave_pools, minmay_temple_entry_glass,
          hellmonk_ghost_happy_afterlife,
          nicolae_concentric_dashed_squares_mild, uniq_duvessa

Skill      XL: |  1  2  3  4  5  6 |
---------------+-------------------+-----
Fighting       | 4 5 |  5.8
Axes           | 4 6 7 |  7.3
Dodging        | 3 |  3.0
Armour         | |  2.6
Stealth        | |  0.5

Action                     |  1- 3 |  4- 6 || total
---------------------------+-------+-------++-------
  Melee: Hand axe          |    61 |    76 ||   137
         Headbutt          |    15 |    18 ||    33
         Punch             |     2 |       ||     2
 Invoke: Berserk           |       |     2 ||     2
         Trog's Hand       |       |     1 ||     1
 Armour: Animal skin       |    11 |     3 ||    14
  Dodge: Dodged            |    37 |    46 ||    83
